 Dungeon Crawl Stone Soup version 0.28-a0-461-g2dc4ca5097 (webtiles) character file.

Game seed: 12335959239665837343

88 heikuro the Stinger (level 4, -2/30 HPs)
             Began as a Formicid Venom Mage on Sept 14, 2021.
             Killed from afar by a white imp (6 damage)
             ... with a puff of frost
             ... on level 2 of the Dungeon.
             The game lasted 00:08:32 (2968 turns).

heikuro the Stinger (Formicid Venom Mage)           Turns: 2968, Time: 00:08:33

Health: -2/30      AC:  4    Str: 13    XL:     4   Next: 81%
Magic:  7/8        EV: 12    Int: 15    God:
Gold:   48         SH:  0    Dex: 11    Spells: 1/8 levels left

rFire   . . .      SeeInvis +   m - +0 spear (vorpal)
rCold   . . .      Faith    .   (no shield)
rNeg    + . .      Spirit   .   h - +2 robe {rN+}
rPois   .          Reflect  .   (helmet unavailable)
rElec   .          Harm     .   (no cloak)
rCorr   .          Rampage  .   (no gloves)
Will    .....                   (no boots)
Stlth   ++........              (no amulet)
HPRegen 0.10/turn               (no ring)
MPRegen 0.11/turn               (no ring)

@: no status effects
A: permanent stasis, dig shafts and tunnels, antennae 3, four strong arms
a: Dig, Shaft Self


You were on level 2 of the Dungeon.
You visited 1 branch of the dungeon, and saw 3 of its levels.

You collected 48 gold pieces.

Inventory:

Hand Weapons
 e - a +0 trident
 m - a +0 vorpal spear (weapon)
Missiles
 d - 11 poisoned darts
Armour
 b - a +0 robe
 h - a +2 robe of positive energy (worn)
Wands
 g - a wand of polymorph (6)
Scrolls
 f - a scroll of fog {unknown}
 j - a scroll of identify {unknown}
 k - a scroll of magic mapping {unknown}
 n - a scroll of teleportation {unknown}
Potions
 a - a potion of magic {unknown}
 c - a potion of flight {unknown}
 i - 3 potions of haste {unknown}
 l - a potion of curing {unknown}
 o - a potion of degeneration {unknown}


   Skills:
 + Level 1.0 Armour
 - Level 2.0 Dodging
 + Level 3.2 Stealth
 + Level 2.9 Spellcasting
 + Level 2.0 Transmutations
 * Level 5.1 Poison Magic


You had one spell level left.
You knew the following spells:

 Your Spells              Type           Power      Damage    Failure   Level
a - Sting                 Tmut/Pois      48%        1d5       4%          1
b - Poisonous Vapours     Pois/Air       18%        N/A       11%         2
c - Olgreb's Toxic Radia  Pois           17%        N/A       24%         4

Your spell library contained the following spells:

 Spells                   Type           Power      Damage    Failure   Level
 Mephitic Cloud           Conj/Pois/Air  7%         N/A       30%         3
 Portal Projectile        Hex/Tloc       4%         N/A       52%         3
 Blade Hands              Tmut           4%         N/A       94%         5
 Excruciating Wounds      Necr           1%         N/A       99%         5


Dungeon Overview and Level Annotations

Branches:
Dungeon (3/15)

Altars:


Innate Abilities, Weirdness & Mutations

You cannot be hasted, slowed, berserked, paralysed or teleported.
You can dig through walls and to a lower floor.
You have a pair of large antennae on your head. (SInv)
Your four strong arms can wield two-handed weapons with a shield.


Message History

Confirm with . or Enter, or press ? or * to list all spells.
You can't see any susceptible monsters within range! (Use Z to cast anyway.) Unknown command.
Casting: Sting (safe; 4% risk of failure)
Confirm with . or Enter, or press ? or * to list all spells.
Aiming: Sting (safe; 4% risk of failure)
Press: ? - help, Shift-Dir - straight line, f - white imp
Aim: a white imp (71% to hit)
The sting hits the white imp.
The white imp partially resists.
The white imp is lightly wounded.
Casting: Sting (safe; 4% risk of failure)
Confirm with . or Enter, or press ? or * to list all spells.
Aiming: Sting (safe; 4% risk of failure)
Press: ? - help, Shift-Dir - straight line, f/p - white imp
Aim: a white imp (lightly wounded, 71% to hit)
The sting hits the white imp.
The white imp partially resists.
The white imp is lightly wounded.
You barely miss the white imp.
The white imp is lightly wounded.
The white imp gestures at you. The puff of frost hits you!
You closely miss the white imp.
The white imp is lightly wounded.
The white imp gestures at you. The puff of frost hits you!
The white imp hits you. The white imp freezes you.
* * * LOW HITPOINT WARNING * * *
You barely miss the white imp.
The white imp is lightly wounded.
The white imp hits you.
* * * LOW HITPOINT WARNING * * *
The white imp freezes you.
* * * LOW HITPOINT WARNING * * *
The white imp gestures at you. The puff of frost misses you.
You climb upwards.
There is a stone staircase leading down here.
Are you sure you want to shaft yourself?
The white imp gestures at you. The puff of frost hits you.
You die...

#.......# ##.##.##) ####....#
###.##.##. ###.#### #..>......
#.....# #.####..## #.#.#.##
####### #.####..# #......#
#.....# #.##....# #..##..#
#.÷...# #.##.##.# #..†...#
#5...># #.......# ##.#.#.#
#@...)# ####.#### #.....# #.....#
#.# ###.### ###.### #.# #.#
####.### #.# #.# #......######.#
#.# #.#....#...##.##### # #.#
#.#......#......... # ##.##
#.#..........#.####
#########...###.##.#.##.##.#.####


You could see a white imp.

Vanquished Creatures
  Terence (D:2)
  A gnoll (D:1)
  An adder (D:2)
  A dart slug (D:1)
  2 ball pythons
  4 bats
  6 endoplasms
  A giant cockroach (D:1)
  7 goblins
  7 hobgoblins
  2 jackals (D:1)
  A quokka (D:2)
  2 kobolds
  3 rats
39 creatures vanquished.

Vanquished Creatures (others)
  A fungus (D:1)
1 creature vanquished.

Grand Total: 40 creatures vanquished

Notes
Turn   | Place    | Note
-------+----------+-------------------------------------------
     0 | D:1      | heikuro the Formicid Venom Mage began the quest for the
                  | Orb.
     0 | D:1      | Reached XP level 1. HP: 13/13 MP: 3/3
   279 | D:1      | Reached XP level 2. HP: 19/19 MP: 1/5
   721 | D:1      | Learned a level 2 spell: Poisonous Vapours
   735 | D:1      | Reached XP level 3. HP: 17/24 MP: 1/6
   826 | D:1      | Found a faded altar of an unknown god.
  1493 | D:2      | Noticed Terence
  1531 | D:2      | Killed Terence
  1532 | D:2      | Reached skill level 5 in Poison Magic
  1532 | D:2      | Reached XP level 4. HP: 30/30 MP: 0/8
  2425 | D:2      | Learned a level 4 spell: Olgreb's Toxic Radiance
  2564 | D:3      | Reached skill level 1 in Armour
  2968 | D:2      | Killed from afar by a white imp

Illustrated notes

Levels and vault maps discovered:
D:1:      sevenhm_arrival_forest_fort_small_5, layout_basic,
          shapermc_ecumenical_altar_acropolis
D:2:      layout_loops_cross, minmay_stone_trees_small, uniq_terence
D:3:      layout_basic, nicolae_uskayaw_dance_hall,
          yredelemnul_forgotten_temple_becter, minmay_pentangle, uniq_ijyb

Skill      XL: |  1  2  3  4 |
---------------+-------------+-----
Dodging        | 2 |  2.0
Stealth        | 3 |  3.2
Poison Magic   | 5 |  5.1
Transmutations | 2 |  2.0
Armour         | 1 |  1.0
Spellcasting   | |  2.9

Action                   |  1- 3 |  4- 6 || total
-------------------------+-------+-------++-------
Melee: Unarmed           |    10 |       ||    10
       Spear             |       |    17 ||    17
       Trident           |       |     3 ||     3
 Cast: Sting             |    30 |    13 ||    43
       Poisonous Vapours |    14 |    16 ||    30
       Olgreb's Toxic Ra |       |     1 ||     1
 Abil: Shaft Self        |       |     1 ||     1
Armor: Robe              |     6 |    10 ||    16
       Skin              |     1 |       ||     1
Dodge: Dodged            |     8 |    16 ||    24

Table legend: (Time is in decaauts)
 A = Elapsed time spent in this place.
 B = Non-inter-level travel time spent in this place.
 C = Inter-level travel time spent in this place.
 D = Time resting spent in this place.
 E = Time spent auto-exploring this place.
 F = Levels seen in this place.
 G = Mean time per level.
                   A        B        C        D        E       F      G
               +--------+--------+--------+--------+--------+-----+--------+
         Total |   2978 |   2921 |     57 |    972 |   1149 |   3 |  992.7 |
       Dungeon |   2978 |   2921 |     57 |    972 |   1149 |   3 |  992.7 |
               +--------+--------+--------+--------+--------+-----+--------+

Top non-repeatable levels by time:
     D:1: 1508 daAuts
     D:2: 1304 daAuts
     D:3: 165 daAuts
